 Dungeon Crawl Stone Soup version 0.27.1-1-g398f81649c (webtiles) character file.

Game seed: 3567067265645877228

3745 Woods the Basher (level 9, -2/80 HPs)
             Began as a Minotaur Berserker on Sept 15, 2021.
             Was a Priest of Trog.
             Shot with an arrow by a centaur (3 damage)
             ... on level 7 of the Dungeon.
             The game lasted 00:21:45 (7104 turns).

Woods the Basher (Minotaur Berserker)               Turns: 7104, Time: 00:21:49

Health: -2/80      AC: 10    Str: 21    XL:     9   Next: 93%
Magic:  8/8        EV: 11    Int:  4    God:    Trog [***...]
Gold:   322        SH:  0    Dex: 14    Spells: 8/8 levels left

rFire    . . .     SeeInvis .   B - +0 morningstar
rCold    . . .     Faith    .   (no shield)
rNeg     . . .     Spirit   .   j - +0 ring mail
rPois    .         Reflect  .   (helmet restricted)
rElec    .         Harm     .   p - +2 cloak
rCorr    .         Rampage  .   g - +0 pair of gloves
Will     ++...                  n - +0 pair of boots
Stlth    +.........             (no amulet)
HPRegen  1.23/turn              (no ring)
MPRegen  0.11/turn              (no ring)

@: strong-willed, regenerating
A: horns 2, retaliatory headbutt
a: Renounce Religion, Berserk, Trog's Hand


You were on level 7 of the Dungeon.
You worshipped Trog.
Trog was most pleased with you.
You visited 1 branch of the dungeon, and saw 7 of its levels.

You collected 322 gold pieces.

Inventory:

Hand Weapons
 a - a +0 mace
 k - a +0 flail
 B - a +0 morningstar (weapon)
Missiles
 d - a throwing net (quivered)
Armour
 g - a +0 pair of gloves (worn)
 j - a +0 ring mail (worn)
 n - a +0 pair of boots (worn)
 p - a +2 cloak (worn)
Jewellery
 u - a ring of ice
 E - a ring of positive energy
Wands
 e - a wand of polymorph (2)
 o - a wand of charming (10)
 D - a wand of acid (8)
Scrolls
 h - 2 scrolls of teleportation
 i - a scroll of fog {unknown}
 l - a scroll of noise {unknown}
 m - 4 scrolls of magic mapping
 s - a scroll of brand weapon {unknown}
 t - a scroll of holy word {unknown}
 w - a scroll of blinking {unknown}
 y - a scroll of immolation {unknown}
 z - 2 scrolls of enchant weapon {unknown}
Potions
 b - 2 potions of attraction
 c - a potion of curing
 f - 2 potions of haste {unknown}
 q - a potion of flight {unknown}
 r - a potion of might {unknown}
 v - 2 potions of magic
 x - a potion of brilliance {unknown}
 A - a potion of mutation {unknown}
 C - 2 potions of ambrosia {unknown}


   Skills:
 + Level 7.6 Fighting
 + Level 14.8 Maces & Flails
 - Level 2.4 Armour
 - Level 2.1 Dodging
 - Level 2.4 Stealth
 - Level 0.2 Unarmed Combat


You had 8 spell levels left.
You didn't know any spells.
Your spell library was empty.

Dungeon Overview and Level Annotations

Branches:
Dungeon (7/15)             Temple (0/1) D:4

Altars:
Ashenzari
Fedhas
Nemelex Xobeh
Xom
Yredelemnul

Shops:
D:3 (   D:7 *


Innate Abilities, Weirdness & Mutations

You have a pair of horns on your head.
You reflexively headbutt those who attack you in melee.


Message History

You see here a +3 ring mail of willpower.
Press: ? - help, v - describe, . - travel, g - get item Item here: a scorched great sword.
The floor.
Unknown command.
Unknown command.
Unknown command.
Unknown command.
The centaur unwields a +7 quarterstaff of distortion.
Its appearance distorts for a moment.
The centaur wields a +0 shortbow.
The centaur shoots an arrow.
The arrow barely misses you.
Found a blackened jade ring.
The centaur shoots an arrow.
The arrow hits you.
There is an open door, spattered with blood here.
The centaur shoots an arrow.
The arrow hits you.
E - a ring of positive energy The centaur shoots an arrow.
The arrow hits you but does no damage.
The centaur shoots an arrow.
The arrow hits you!
The centaur shoots an arrow.
The arrow hits you!
There is an open door, spattered with blood here.
You close the door.
Something unseen opens the door.
The centaur shoots an arrow.
The arrow hits you!
Your skin crawls.
You feel strong-willed.
The centaur shoots an arrow.
The arrow hits you.
The centaur unwields a +0 shortbow.
The centaur wields a +7 quarterstaff of distortion.
Its appearance distorts for a moment.
The centaur hits you with a +7 quarterstaff of distortion.
Space bends around you.
The centaur kicks you but does no damage.
There is an open door, spattered with blood here.
The centaur unwields a +7 quarterstaff of distortion.
Its appearance distorts for a moment.
The centaur wields a +0 shortbow.
The centaur shoots an arrow.
The arrow hits you.
The gargoyle hurls a stone arrow at you.
The stone arrow hits you!!
* * * LOW HITPOINT WARNING * * *
The centaur shoots an arrow.
The arrow hits you.
You die...

#. ..##..#$.#.....#.
#'# ###'#####'###.
.. #.#..)# ##.##.
##..[)c# #.#.#. ##
##'..#..'#.###c.
##.##9#.:...#ยง##
##.
#..c..#)..#.##.## #.
###'#####'#####'###.
#@..# ... #.#.##.
#..#.# .###.#.#.#.
.'..#..'.
#..'#.#.#'. #..#.#
.#### ###.#.#.#. #..
#. ## ##.#.##. #. ##
##'# #. . ... ...
### .... #####


You could see a gargoyle and a centaur.

Vanquished Creatures
  Pikel (D:5)
  Joseph (D:7)
  A troll (D:7)
  Eustachio (D:5)
  Menkaure (D:4)
  2 water moccasins
  A sky beast (D:7)
  2 ogres
  A necrophage (D:6)
  3 centaurs
  A lemure (D:5)
  Blork the orc (D:5)
  3 scorpions
  3 water moccasin zombies
  2 wyvern skeletons
  5 killer bees (D:7)
  3 jellies
  2 bullfrog zombies
  2 centaur zombies (D:6)
  A gnoll shaman (D:7)
  3 orc priests
  5 hounds
  Terence (D:2)
  Ijyb (D:4)
  3 iguanas
  5 orc wizards
  A scorpion zombie (D:5)
  2 killer bee zombies (D:6)
  A howler monkey zombie (D:6)
  Robin (D:2)
  2 howler monkey skeletons
  3 adders
  A shadow imp (D:7)
  A white imp (D:6)
  3 dart slugs
  10 orcs
  2 ball pythons
  5 endoplasms
  4 giant cockroaches
  10 goblins
  6 hobgoblins
  10 jackals
  6 bats
  4 frilled lizards
  3 kobolds
  5 rats (D:1)
135 creatures vanquished.

Vanquished Creatures (others)
  An orc wizard (D:3)
1 creature vanquished.

Grand Total: 136 creatures vanquished

Notes
Turn   | Place    | Note
-------+----------+-------------------------------------------
     0 | D:1      | Woods the Minotaur Berserker began the quest for the Orb.
     0 | D:1      | Reached XP level 1. HP: 19/19 MP: 0/0
   138 | D:1      | Reached skill level 4 in Maces & Flails
   175 | D:1      | Reached XP level 2. HP: 21/26 MP: 1/1
   322 | D:1      | Found a faded altar of an unknown god.
   773 | D:2      | Noticed Terence
   783 | D:2      | Killed Terence
   784 | D:2      | Reached skill level 5 in Maces & Flails
   784 | D:2      | Reached XP level 3. HP: 17/31 MP: 2/2
  1138 | D:2      | Noticed Robin
  1141 | D:2      | Noticed an ogre
  1142 | D:2      | Reached ** piety under Trog
  1153 | D:2      | Killed Robin
  1154 | D:2      | Reached XP level 4. HP: 24/39 MP: 3/3
  1175 | D:2      | Reached skill level 6 in Maces & Flails
  1214 | D:2      | Killed an ogre
  1215 | D:2      | Reached skill level 7 in Maces & Flails
  1215 | D:2      | Reached XP level 5. HP: 45/45 MP: 4/4
  1293 | D:2      | You fall into a shaft and drop 1 floor!
  1432 | D:3      | Reached skill level 1 in Stealth
  2275 | D:3      | Found Zobra's Antique Weapon Shoppe.
  2507 | D:3      | Reached XP level 6. HP: 51/51 MP: 5/5
  2607 | D:4      | Reached skill level 8 in Maces & Flails
  2748 | D:4      | Found a staircase to the Ecumenical Temple.
  2780 | D:4      | Noticed Menkaure
  2785 | D:4      | Killed Menkaure
  2786 | D:4      | Reached skill level 9 in Maces & Flails
  2802 | D:4      | HP: 1/51 [wyvern skeleton (3)]
  2804 | D:4      | Reached XP level 7. HP: 34/57 MP: 6/6
  2931 | D:4      | Noticed Ijyb
  2985 | D:4      | Killed Ijyb
  3083 | D:4      | Found a shimmering altar of Xom.
  3273 | D:5      | Entered Level 5 of the Dungeon
  3450 | D:5      | Noticed Pikel
  3460 | D:5      | Killed Pikel
  3461 | D:5      | Reached skill level 11 in Maces & Flails
  3461 | D:5      | Reached XP level 8. HP: 64/64 MP: 7/7
  3706 | D:5      | Noticed Eustachio
  3707 | D:5      | Noticed Blork the orc
  3715 | D:5      | Killed Eustachio
  3716 | D:5      | Reached skill level 12 in Maces & Flails
  3866 | D:5      | Killed Blork the orc
  4051 | D:5      | Found a sparkling altar of Nemelex Xobeh.
  4433 | D:6      | Reached skill level 13 in Maces & Flails
  4597 | D:6      | Found a broken altar of Ashenzari.
  4723 | D:6      | Reached XP level 9. HP: 62/70 MP: 8/8
  4770 | D:6      | Found a basalt altar of Yredelemnul.
  4970 | D:6      | Reached *** piety under Trog
  5190 | D:6      | Reached skill level 14 in Maces & Flails
  5751 | D:7      | Reached skill level 5 in Fighting
  5777 | D:7      | Found Gahorim's Gadget Gallery.
  5803 | D:7      | Found a blossoming altar of Fedhas.
  6262 | D:7      | Noticed Joseph
  6272 | D:7      | Killed Joseph
  6378 | D:7      | Identified the ring of Hihuz {rPois SInv}
  6785 | D:7      | Noticed a brown ugly thing
  6786 | D:7      | Noticed a cyan ugly thing
  6788 | D:7      | Noticed a gargoyle
  6837 | D:7      | Noticed a troll
  6842 | D:7      | Noticed a skeletal warrior
  6844 | D:7      | Killed a troll
  7072 | D:7      | Noticed a two-headed ogre
  7104 | D:7      | HP: 1/80 [gargoyle/stone arrow (24)]
  7104 | D:7      | Shot with an arrow by a centaur

Illustrated notes

Levels and vault maps discovered:
D:1:      lightli_arrival_statue_moat, layout_rooms,
          shapermc_ecumenical_altar_hornbeckon
D:2:      layout_basic, uniq_robin, uniq_terence
D:3:      layout_basic, serial_shops, shop
D:4:      layout_basic, general_overflow_altar, minmay_temple_entry_hall,
          uniq_menkaure, uniq_ijyb
D:5:      layout_basic, kennysheep_mini, uniq_pikel, uniq_blork_the_orc,
          uniq_eustachio
D:6:      layout_rooms, nicolae_ashenzari_skybound,
          nicolae_yredelemnul_corpse_copse, kennysheep_windowed_goal
D:7:      minmay_the_grid_square_5x5_3x3 [minmay_the_grid_square_5x5_hourglass,
          minmay_the_grid_square_5x5_moneybag,
          minmay_the_grid_square_5x5_intrusive_squares,
          minmay_the_grid_square_5x5_z,
          minmay_the_grid_square_5x5_megaprize_crossed,
          minmay_the_grid_square_5x5_minimal,
          minmay_the_grid_square_5x5_hollow_slash,
          minmay_the_grid_square_5x5_comb,
          minmay_the_grid_square_5x5_checkered], layout_rooms,
          mainiacjoe_overflow_catwalk, nicolae_shop_gadgets, uniq_joseph

Skill      XL: |  1  2  3  4  5  6  7  8  9 |
---------------+----------------------------+-----
Maces & Flails | 4 5 7 9 11 13 14 | 14.8
Stealth        | 1 2 |  2.4
Fighting       | 7 |  7.6
Armour         | |  2.4
Dodging        | |  2.1
Unarmed Combat | |  0.2

Action                   |  1- 3 |  4- 6 |  7- 9 || total
-------------------------+-------+-------+-------++-------
Melee: Mace              |    54 |    86 |   175 ||   315
       Headbutt          |    10 |    11 |    52 ||    73
       Unarmed           |       |       |    19 ||    19
       Morningstar       |       |       |    64 ||    64
Invok: Berserk           |     2 |     2 |    11 ||    15
       Trog's Hand       |       |     2 |     5 ||     7
  Use: Potion            |       |     2 |     1 ||     3
       Scroll            |       |       |     6 ||     6
 Stab: Sleeping          |       |       |     3 ||     3
Armor: Animal skin       |    14 |       |       ||    14
       Ring mail         |     7 |    41 |    97 ||   145
Dodge: Dodged            |    39 |    54 |   120 ||   213
